 Dungeon Crawl Stone Soup version 0.27.0-1-g7a08968 (webtiles) character file.

Game seed: 6807170854879926591

1794 Host24 the Quickloader (level 9, 0/55 HPs)
             Began as a Kobold Hunter on Jan 25, 2022.
             Was an Initiate of Dithmenos.
             Succumbed to a killer bee's poison
             ... on level 6 of the Dungeon.
             The game lasted 00:31:26 (9147 turns).

Host24 the Quickloader (Kobold Hunter)              Turns: 9147, Time: 00:31:27

Health: 0/55       AC:  8    Str: 10    XL:     9   Next: 30%
Magic:  9/9        EV: 17    Int: 13    God:    Dithmenos [......]
Gold:   371        SH:  5    Dex: 17    Spells: 8/8 levels left

rFire    . . .     SeeInvis .   h - +1 dagger (elec)
rCold    . . .     Faith    .   (shield restricted)
rNeg     + . .     Spirit   .   H - +2 robe {rN+}
rPois    .         Reflect  +   k - +2 helmet
rElec    .         Harm     .   (no cloak)
rCorr    .         Rampage  .   (no gloves)
Will     .....                  L - +0 pair of boots
Stlth    +++.......             p - amulet of reflection
HPRegen  0.18/turn              (no ring)
MPRegen  0.11/turn              (no ring)

@: lethally poisoned (0 -> -7)
A: small, no large weapons, nightstalker 3
a: Renounce Religion


You were on level 6 of the Dungeon.
You worshipped Dithmenos.
Dithmenos was noncommittal.
You visited 2 branches of the dungeon, and saw 8 of its levels.

You collected 371 gold pieces.

Inventory:

Hand Weapons
 a - a +1 hand crossbow
 e - a +0 hunting sling
 h - a +1 dagger of electrocution (weapon)
 s - a +0 vorpal flail
 t - a +0 dagger of venom
 u - a +2 whip of freezing
 E - a +0 shortbow
 I - a +1 dagger of chaos
Missiles
 b - 19 boomerangs
 d - 49 bolts
 f - 11 poisoned darts (quivered)
 i - 250 stones
 F - 16 arrows
 P - a throwing net
Armour
 c - a +0 leather armour
 k - a +2 helmet (worn)
 H - a +2 robe of positive energy (worn)
 L - a +0 pair of boots (worn)
 O - the +4 chain mail "Foamaeluq" {rElec rN+ Will-}
   (You found it on level 6 of the Dungeon)

   rElec:     It insulates you from electricity.
   rN:        It protects you from negative energy.
   Will:      It decreases your willpower.
Jewellery
 p - an amulet of reflection (around neck)
 x - an amulet of magic regeneration
Wands
 o - a wand of acid (6)
 C - a wand of paralysis (4)
 G - a wand of flame (37)
 T - a wand of mindburst (12)
Scrolls
 g - 6 scrolls of identify {unknown}
 m - 2 scrolls of summoning {unknown}
 n - a scroll of fear {unknown}
 q - a scroll of brand weapon {unknown}
 v - 2 scrolls of noise {unknown}
 y - a scroll of enchant weapon {unknown}
 B - a scroll of teleportation
 D - a scroll of magic mapping {unknown}
 K - a scroll of vulnerability {unknown}
 N - a scroll of blinking {unknown}
 Q - a scroll of enchant armour {unknown}
 R - a scroll of silence {unknown}
 U - a scroll of torment {unknown}
Potions
 j - a potion of magic
 l - 2 potions of attraction {unknown}
 r - a potion of berserk rage {unknown}
 w - a potion of mutation {unknown}
 z - a potion of brilliance {unknown}
 A - a potion of degeneration {unknown}
 J - 3 potions of haste
 M - a potion of heal wounds {unknown}
 S - a potion of resistance {unknown}


   Skills:
 - Level 6.0 Fighting
 - Level 2.2 Short Blades
 - Level 10.2 Crossbows
 + Level 3.3 Armour
 - Level 6.0 Dodging
 - Level 2.4 Stealth


You had 8 spell levels left.
You didn't know any spells.
Your spell library contained the following spells:

 Spells                   Type           Power      Damage    Failure   Level
 Sandblast                Erth           0%         2d4       30%         1
 Blink                    Tloc           N/A        N/A       43%         2
 Passwall                 Tmut/Erth      0%         N/A       43%         2
 Dazzling Flash           Conj/Hex       0%         N/A       67%         3
 Lesser Beckoning         Tloc           0%         N/A       67%         3
 Iskenderun's Mystic Bla  Conj/Tloc      0%         2d3       97%         4
 Lee's Rapid Deconstruct  Erth           0%         3d5*      100%        5
 Manifold Assault         Tloc           0%         N/A       100%        5
 Starburst                Conj/Fire      0%         8x6d3     100%        6


Dungeon Overview and Level Annotations

Branches:
Dungeon (7/15)             Temple (1/1) D:6

Altars:
Ashenzari
Cheibriados
Dithmenos
Fedhas
Hepliaklqana
Kikubaaqudgha
Makhleb
Okawaru
Qazlal
Ru
Sif Muna
Uskayaw
Wu Jian
Xom
Yredelemnul
Zin
The Shining One

Annotations:
D:5 2 transporters, Boromir's ghost, amateur MiFi


Innate Abilities, Weirdness & Mutations

You are small and have problems with some larger weapons.
You are completely attuned to the shadows.


Message History

You block the killer bee's attack. x2
The killer bee completely misses you. You block the killer bee's attack.
You block the killer bee's attack. The killer bee stings you!
The killer bee barely misses you. The killer bee stings you.
You are poisoned.
The killer bee poisons you!
You feel sick. The killer bee stings you.
There is an open door, spattered with blood here.
You feel sick.
The killer bee stings you but does no damage.
You feel sick. The killer bee stings you.
You feel sick. The killer bee stings you.
You feel sick.
You are no longer poisoned.
The killer bee stings you.
The killer bee stings you but does no damage.
You block the killer bee's attack. The killer bee misses you.
The killer bee buzzes angrily.
You hear an angry buzzing noise.
The killer bee stings you.
You are poisoned.
The killer bee poisons you!
You feel sick. The killer bee barely misses you.
You feel sick. You block the killer bee's attack. The killer bee stings you!
* * * LOW HITPOINT WARNING * * *
You are lethally poisoned!
The killer bee poisons you!
* * * LOW HITPOINT WARNING * * *
You feel very sick. You block the killer bee's attack.
The killer bee closely misses you.
There is a stone staircase leading up here.
* * * LOW HITPOINT WARNING * * *
You feel sick. The killer bee barely misses you.
The killer bee closely misses you. x2; The killer bee stings you.
* * * LOW HITPOINT WARNING * * *
You climb upwards.
You die...

#................
#................
#................
#########..#.......
##......###...####.#
##......y.####.# #.#
#..........# #.# #.#
#....y.....# #.# #.#
#...@......# #.## #.#
#..y.>.....# #..# #.#
#..........####.###.#
##........###........
##............#...#.#
#.............###.#.#
#..........##.).<....
#####################


You could see 3 killer bees.

Vanquished Creatures
  A black bear (D:5)
  A hornet zombie (D:6)
  A necrophage (D:6)
  An ice beast (D:6)
  2 ogres (D:6)
  A centaur (D:5)
  A kobold brigand (D:6)
  Blork the orc (D:5)
  2 scorpions (D:5)
  5 wights (D:7)
  4 crimson imps (D:5)
  2 hounds
  2 orc priests
  2 jellies
  A gnoll shaman (D:6)
  An iguana (D:4)
  2 orc wizards
  A hound skeleton (D:4)
  Robin (D:2)
  3 adders
  10 gnolls
  A shadow imp (D:6)
  A white imp (D:5)
  2 ufetubi
  3 worms
  3 dart slugs
  15 orcs
  A ball python (D:2)
  4 bats
  10 endoplasms
  2 giant cockroaches
  11 goblins
  13 hobgoblins
  5 jackals
  5 quokkas
  A frilled lizard (D:1)
  12 kobolds
  5 rats
139 creatures vanquished.

Vanquished Creatures (others)
  18 plants (D:6)
18 creatures vanquished.

Grand Total: 157 creatures vanquished

Notes
Turn   | Place    | Note
-------+----------+-------------------------------------------
     0 | D:1      | Host24 the Kobold Hunter began the quest for the Orb.
     0 | D:1      | Reached XP level 1. HP: 12/12 MP: 1/1
    87 | D:1      | Reached skill level 5 in Crossbows
   278 | D:1      | Reached XP level 2. HP: 10/17 MP: 2/2
  1098 | D:1      | Reached XP level 3. HP: 22/22 MP: 3/3
  1907 | D:2      | Reached XP level 4. HP: 22/29 MP: 4/4
  1979 | D:2      | Found a faded altar of an unknown god.
  2108 | D:2      | Noticed Robin
  2788 | D:2      | Killed Robin
  2789 | D:2      | Reached XP level 5. HP: 33/33 MP: 5/5
  3523 | D:3      | Reached skill level 6 in Crossbows
  3971 | D:2      | Reached skill level 1 in Short Blades
  4251 | D:3      | Reached skill level 1 in Armour
  4251 | D:3      | Reached XP level 6. HP: 26/38 MP: 6/6
  5328 | D:4      | Noticed an ice beast
  5730 | D:4      | Reached XP level 7. HP: 42/43 MP: 7/7
  5819 | D:4      | Found a hide-covered altar of Uskayaw.
  5989 | D:4      | Reached skill level 7 in Crossbows
  6109 | D:5      | Entered Level 5 of the Dungeon
  6112 | D:5      | Found a transporter.
  6311 | D:5      | Noticed Blork the orc
  6320 | D:5      | Killed Blork the orc
  6321 | D:5      | Reached skill level 5 in Fighting
  6630 | D:5      | Found a shimmering altar of Xom.
  6652 | D:5      | Reached XP level 8. HP: 51/51 MP: 8/8
  6708 | D:5      | Found a transporter.
  6833 | D:5      | Noticed Boromir's ghost (amateur MiFi)
  6869 | D:5      | Found a hazy altar of Hepliaklqana.
  6874 | D:5      | Found a glowing silver altar of Zin.
  6882 | D:5      | Found a blossoming altar of Fedhas.
  6919 | D:5      | Reached skill level 8 in Crossbows
  7053 | D:6      | Reached skill level 9 in Crossbows
  7274 | D:6      | Reached skill level 10 in Crossbows
  7442 | D:6      | Noticed a two-headed ogre
  7569 | D:6      | Found a staircase to the Ecumenical Temple.
  7575 | Temple   | Entered the Ecumenical Temple
  7702 | Temple   | Became a worshipper of Dithmenos the Shadowed
  8151 | D:6      | Identified the +4 chain mail "Foamaeluq" {rElec rN+ Will-}
  8228 | D:7      | Reached XP level 9. HP: 50/55 MP: 9/9
  8310 | D:7      | Reached skill level 5 in Dodging
  8462 | D:7      | Found an ancient bone altar of Kikubaaqudgha.
  9146 | D:7      | HP: 2/55 [killer bee (3)]
  9147 | D:6      | Succumbed to a killer bee's poison

Illustrated notes

Levels and vault maps discovered:
D:1:      lemuel_arrival_tunnels, layout_basic
D:2:      layout_basic, dreamdust_ecumenical_altar_angels_and_demons,
          kennysheep_generic_room_14, uniq_robin
D:3:      layout_basic
D:4:      layout_rooms, eat_drink_and_be_merry_uskayaw, chequers_mini_garden,
          minmay_ruined_shrine
D:5:      layout_cave_pools, led_xom_imps, minmay_overflow_temple_star_quad,
          gammafunk_ghost_stat_death, uniq_blork_the_orc
D:6:      wad_lake_hut, layout_rooms, minmay_temple_entry_hall
D:7:      layout_gridville, vehumet_crystals,
          nicolae_kikubaaqudgha_miasma_corner
Temple:   minmay_temple_curvy_loop

Skill      XL: |  1  2  3  4  5  6  7  8  9 |
---------------+----------------------------+-----
Crossbows      | 5 6 7 10 | 10.2
Dodging        | 3 4 6 |  6.0
Stealth        | 2 |  2.4
Fighting       | 4 6 |  6.0
Short Blades   | 2 |  2.2
Armour         | 1 2 3 |  3.3

Action                   |  1- 3 |  4- 6 |  7- 9 || total
-------------------------+-------+-------+-------++-------
Melee: Short sword       |   103 |    49 |       ||   152
       Dagger            |       |   105 |    52 ||   157
       Hand crossbow     |       |     2 |       ||     2
 Fire: Hand crossbow     |     9 |    56 |   145 ||   210
  Use: Potion            |       |     3 |       ||     3
       Scroll            |       |     1 |     1 ||     2
 Stab: Sleeping          |    13 |    11 |     3 ||    27
       Distracted        |       |       |     2 ||     2
Armor: Leather armour    |    21 |    30 |     6 ||    57
       Robe              |       |       |    18 ||    18
Dodge: Dodged            |    85 |   108 |    88 ||   281
Block: Other             |       |    24 |    36 ||    60
